 Dungeon Crawl Stone Soup version 0.30.1-1-g62c8e00024 (webtiles) character file.

Game seed: 7607742047762595168

21 DemonSlayer the Digger (level 2, -6/19 HPs)
             Began as a Demonspawn Earth Elementalist on July 16, 2023.
             Mangled by Terence
             ... wielding a +0 mace
              (9 damage)
             ... on level 2 of the Dungeon.
             The game lasted 00:02:06 (872 turns).

DemonSlayer the Digger (DsEE)                        Turns: 872, Time: 00:02:07

Health: -6/19      AC:  3    Str: 10    XL:     2   Next: 65%
Magic:  5/5        EV: 12    Int: 20    God:
Gold:   42         SH:  0    Dex: 12    Spells: 5/6 levels left

rFire   + . .        h - staff of earth "Faaw" {rF+ Str+3}
rCold   . . .        (no shield)
rNeg    . . .        a - +0 robe
rPois   .            (no helmet)
rElec   .            (no cloak)
rCorr   .            f - +0 pair of gloves
SInv    .            (no boots)
Will    .....        (no amulet)
Stlth   ++           (no ring)
HPRegen 0.23/turn    (no ring)
MPRegen 0.09/turn

%: no passive effects
@: no status effects
A: hooves 1, clever 1
a: no special abilities


You were on level 2 of the Dungeon.
You visited 1 branch of the dungeon, and saw 2 of its levels.

You collected 42 gold pieces.

Inventory:

Armour
 a - a +0 robe (worn)
 f - a +0 pair of gloves (worn)
Magical Staves
 h - the staff of earth "Faaw" (weapon) {rF+ Str+3}
   (You acquired it on level 2 of the Dungeon)

   [staff of earth]

   Base accuracy: +5 Base damage: 5 Base attack delay: 1.2 This weapon's minimum
   attack delay (0.6) is reached at skill level 12.
   Str:       It affects your strength (+3).
   rF:        It protects you from fire.
   It falls into the 'Staves' category.
   It is a one-handed weapon.
Scrolls
 c - a scroll of enchant armour {unknown}
 e - a scroll of fear {unknown}
 i - a scroll of enchant weapon {unknown}
 m - a scroll of identify {unknown}
Potions
 b - 2 potions of magic
 d - 2 potions of mutation
 k - a potion of flight
 l - a potion of resistance


   Skills:
 + Level 1.7 Dodging
 + Level 2.0 Stealth
 + Level 2.5 Spellcasting
 + Level 0.8 Transmutations
 + Level 3.1 Earth Magic


You had 5 spell levels left.
You knew the following spells:

 Your Spells              Type           Power      Damage    Failure   Level
a - Sandblast             Erth           44%        2d11      4%          1

Your spell library contained the following spells:

 Spells                   Type           Power      Damage    Failure   Level
 Passwall                 Tmut/Erth      12%        N/A       10%         2
 Stone Arrow              Conj/Erth      26%        3d8       24%         3
 Petrify                  Tmut/Erth      15%        N/A       54%         4


Dungeon Overview and Level Annotations

Branches:
Dungeon (2/15)

Altars:

Annotations:
D:2 Terence


Innate Abilities, Weirdness & Mutations

You have large cloven feet.
Your mind is acute. (Int +4, Str/Dex -1)


Message History

You open the door.
There is an open door here.
m - a scroll labelled AXESAI ICWUA Terence the Incautious comes into view.
He is wielding a +0 mace.
Found a stone staircase leading down.
Terence shouts!
Terence is nearby!
Terence is nearby!
Terence hits you but does no damage.
The blast of sand hits Terence but does no damage.
Terence misses you.
The air fills with toxic fumes!
As you read the scroll labelled QUTWOI EJAPHA, it crumbles to dust.
It was a scroll of poison.
Terence closely misses you.
This is a scroll of acquirement!
Something appears at your feet! Terence hits you with a +0 mace.
h - the staff of earth "Faaw" {rF+ Str+3} Terence hits you with a +0 mace.
You feel stronger.
h - the staff of earth "Faaw" (weapon)
{rF+ Str+3} Terence hits you but does no damage.
Setting a skill training target for Staves at 12.0.
You hit Terence but do no damage. Terence barely misses you.
You hit Terence but do no damage. Terence hits you with a +0 mace!
* * * LOW HITPOINT WARNING * * *
It was a potion of mutation.
You feel extremely strange.
You feel clever. Terence closely misses you.
It was a potion of flight.
You feel very buoyant.
You fly up into the air.
Terence barely misses you.
It was a potion of resistance.
You feel protected. Terence barely misses you.
It was a potion of cancellation.
Your magical effects are unravelling.
You feel magically purged.
You float gracefully downwards.
Your resistance to elements expires.
Terence hits you with a +0 mace!
You die...

.####.#####.###.####.#
..........§..○○§......
.#.......##☼.#☼°####.
.#.......##§§#§§...#
.........##§§#§○##.#
..###.##.##.§○☼☼°# #
..# #.##.##..#§○☼# #
..#
#.##.##○☼#§§°#○#§○##
#.#
#.##.##§§°§§@§○○§☼☼☼
...
#.##.##§☼#°§@#§#§§##
.. .......○☼§○☼§§.§§
.. .....§§§☼§§☼§°☼.§°§
#....○☼○☼○§○○§☼§.§#°
§☼§§§☼☼§§§§☼.§§
##○§§°§§○§○§§.§
§§§#§#○#§☼°##


You could see Terence.

Vanquished Creatures
  A dart slug (D:1)
  3 ball pythons (D:1)
  3 hobgoblins (D:1)
  3 quokkas (D:1)
  A bat (D:1)
  3 frilled lizards
  2 kobolds (D:1)
  3 rats
19 creatures vanquished.

Notes
Turn   | Place    | Note
-------+----------+-------------------------------------------
     0 | D:1      | DemonSlayer the Demonspawn Earth Elementalist began the
                  | quest for the Orb.
     0 | D:1      | Reached XP level 1. HP: 13/13 MP: 3/3
   178 | D:1      | Gained mutation: You have large cloven feet. [demonic
                  | ancestry]
   178 | D:1      | Reached XP level 2. HP: 19/19 MP: 3/5
   180 | D:1      | Reached skill level 3 in Earth Magic
   858 | D:2      | Noticed Terence
   864 | D:2      | Identified a scroll of acquirement
   864 | D:2      | Acquired the staff of earth "Faaw" {rF+ Str+3}
   869 | D:2      | Gained mutation: Your mind is acute. (Int +4, Str/Dex -1)
                  | [potion of mutation]
   872 | D:2      | Mangled by Terence

Illustrated notes

Levels and vault maps discovered:
D:1:      dpeg_arrival_fog, layout_basic
D:2:      layout_basic, uniq_terence

Skill      XL: |  1  2 |
---------------+-------+-----
Earth Magic    | 3 |  3.1
Stealth        | 2 |  2.0
Dodging        | |  1.7
Spellcasting   | |  2.5
Transmutations | |  0.8

Action                     || total
---------------------------++-------
  Melee: Staff             ||     2
         Unarmed           ||     2
   Cast: Sandblast         ||    28
    Use: Potion            ||     4
         Scroll            ||     2
 Armour: Robe              ||     5
  Dodge: Dodged            ||    12
